General information
			
			
        
        - name: BNet
 
        - type: Ladder 1vs1/FFA
 
        - host: Battle.net
 
        - saver: bananaboat
 
        
map: LostTemple 
        - players: 2
 
        - length: 12:50
 
        - speed: Fast
 - version: 1.22 W3XP
 - replay type:  Public
 
» download(38 KB)
Players
        team 1 (loser) 
              
              
Warn_ (
red | 71 APM | 912 actions | 12:49)
              
 1 Archmage 
 1 Summon Water Elemental
 1 Mountain King 
 1 Storm Bolt
 
                » actions 
                
                | Assign group hotkey | 13 |  | 
| Basic commands | 1 |  | 
| Build / train | 40 |  | 
| Enter build submenu | 16 |  | 
| Enter hero's abilities submenu | 2 |  | 
| Remove unit from queue | 1 |  | 
| Right click | 611 |  | 
| Select / deselect | 144 |  | 
| Select group hotkey | 48 |  | 
| Use ability | 36 |  | 
                912 total
 » units 
                
                | Peasant | 9 |  | 
| Footman | 3 |  | 
| Rifleman | 6 |  | 
| Spell Breaker | 1 |  | 
| Sorceress | 1 |  | 
| Flying Machine | 5 |  | 
                25 total
 » upgrades
                » buildings
                
                | Altar of Kings | 1 |  | 
| Barracks | 1 |  | 
| Farm | 7 |  | 
| Blacksmith | 1 |  | 
| Keep | 2 |  | 
| Arcane Vault | 1 |  | 
| Lumber Mill | 1 |  | 
| Arcane Sanctum | 1 |  | 
| Castle | 1 |  | 
| Workshop | 2 |  | 
                18 total
 » build order
                00:08 Altar of Kings
00:24 Barracks
00:37 Farm
00:54 Farm
02:12 Farm
02:28 Blacksmith
03:33 Keep
03:33 Keep
03:53 Arcane Vault
04:22 Lumber Mill
05:34 Farm
05:37 Farm
06:37 Arcane Sanctum
06:57 Farm
07:04 Castle
07:18 Farm
11:22 Workshop
11:44 Workshop
» items
                 
               team 2 (winner) 
              
              
» 
bananaboat (
orange | 60 APM | 767 actions | 12:50)
              
 5 Demon Hunter 
 3 Mana Burn
 2 Evasion
 
                » actions 
                
                | Assign group hotkey | 39 |  | 
| Basic commands | 1 |  | 
| Build / train | 42 |  | 
| ESC pressed | 1 |  | 
| Enter build submenu | 18 |  | 
| Enter hero's abilities submenu | 5 |  | 
| Right click | 365 |  | 
| Select / deselect | 90 |  | 
| Select group hotkey | 159 |  | 
| Use ability | 47 |  | 
                767 total
 » units 
                » upgrades
                
                | Nature's Blessing | 1 |  | 
| Well Spring | 1 |  | 
| Corrosive Breath | 1 |  | 
                3 total
 » buildings
                
                | Moon Well | 5 |  | 
| Altar of Elders | 1 |  | 
| Hunter's Hall | 1 |  | 
| Ancient of Wonders | 1 |  | 
| Tree of Ages | 1 |  | 
| Ancient Protector | 2 |  | 
| Tree of Eternity | 1 |  | 
| Ancient of Wind | 1 |  | 
| Tree of Life | 1 |  | 
| Chimaera Roost | 4 |  | 
                18 total
 » build order
                00:09 Moon Well
00:15 Moon Well
00:19 Altar of Elders
01:36 Hunter's Hall
01:46 Moon Well
02:07 Ancient of Wonders
03:23 Tree of Ages
03:25 Ancient Protector
03:26 Ancient Protector
04:30 Moon Well
04:34 Moon Well
05:44 Tree of Eternity
05:49 Ancient of Wind
07:51 Tree of Life
08:28 Chimaera Roost
08:29 Chimaera Roost
08:33 Chimaera Roost
08:37 Chimaera Roost
» items
                
                | Boots of Speed | 1 |  | 
| Staff of Teleportation | 1 |  | 
| Moonstone | 2 |  | 
| Orb of Venom | 1 |  | 
| Scroll of Town Portal | 1 |  | 
| Potion of Healing | 2 |  | 
                8 total
  
                Chat log
          
(01:51 / All) bananaboat: y0 dis map got n0 tav
(03:32 / All) bananaboat: dats bs yo
(03:34 / All) bananaboat: no tav
(03:55 / All) bananaboat: i c no tav n IM like wtf
(05:17 / All) bananaboat: bm i s strong yo
(05:32 / All) bananaboat: lol it aint bm tho my bad
(06:34 / All) bananaboat: bm be steddy jockin
(06:39 / All) bananaboat: y0 not bm my bad agen
(11:21 / All) bananaboat: gg n shit dawh
(11:29 / All) bananaboat: fukt up that dis map got no tavern
(11:36 / All) bananaboat: yo mighta won wit panda or sum shyt
(12:05 / All) bananaboat: den agen mebbe nto lol
(12:43 / All) bananaboat: lol yo hero stuck
(12:49 / All) bananaboat: gg daawg